 Dungeon Crawl Stone Soup version 0.21-a0-633-g4c047d5f35 (webtiles) character file.

767 8fpsbossfight the Chopper (level 7, 0/62 HPs)
             Began as a Minotaur Monk on Dec 29, 2017.
             Slain by daggaz's ghost (11 damage)
             ... on level 4 of the Dungeon.
             The game lasted 00:10:43 (4172 turns).

8fpsbossfight the Chopper (Minotaur Monk)           Turns: 4172, Time: 00:10:44

Health: 0/62       AC:  9    Str: 18    XL:     7   Next: 52%
Magic:  6/6        EV:  9    Int:  7    God:
Gold:   252        SH:  0    Dex: 12    Spells: 6/6 levels left

rFire    . . .     SeeInvis .   v - +2 hand axe (flame)
rCold    . . .     Gourm    .   (no shield)
rNeg     . . .     Faith    .   x - +0 chain mail
rPois    .         Spirit   .   (helmet restricted)
rElec    .         Reflect  .   (no cloak)
rCorr    .         Harm     .   (no gloves)
MR       .....                  (no boots)
Stlth    ..........             (no amulet)
HPRegen  0.20/turn              (no ring)
MPRegen  0.10/turn              (no ring)

@: no status effects
A: retaliatory headbutt, horns 2
a: no special abilities


You were on level 4 of the Dungeon.
You were not hungry.

You visited 1 branch of the dungeon, and saw 6 of its levels.

You collected 252 gold pieces.

Inventory:

Hand Weapons
 v - a +2 hand axe of flaming (weapon)
Missiles
 l - 2 needles of frenzy
Armour
 x - a +0 chain mail (worn)
Jewellery
 j - an uncursed ring of poison resistance {unknown}
 t - an uncursed ring of protection from cold {unknown}
Scrolls
 b - a scroll of magic mapping {unknown}
 d - a scroll of fear {unknown}
 i - 5 scrolls of remove curse {unknown}
 k - 6 scrolls of identify {unknown}
 o - 2 scrolls of blinking {unknown}
 r - 2 scrolls of fog {unknown}
 s - 4 scrolls of enchant armour {unknown}
 w - a scroll of immolation {unknown}
Potions
 a - a potion of magic {unknown}
 e - a potion of agility {unknown}
 f - a potion of mutation {unknown}
 g - a potion of heal wounds {unknown}
 h - a potion of might {unknown}
 m - a potion of cancellation {unknown}
 n - 2 potions of resistance
 u - a potion of haste {unknown}
Comestibles
 c - 10 rations
 q - 2 chunks of flesh


   Skills:
 + Level 5.8 Fighting
 * Level 7.4 Axes
 + Level 4.3 Armour
 - Level 5.0 Dodging
 - Level 1.5 Stealth


You had 6 spell levels left.
You didn't know any spells.

Dungeon Overview and Level Annotations

Branches:
Dungeon (6/15)
 Temple: D:4-7

Altars:
Ashenzari
Okawaru

Annotations:
D:4 daggaz's ghost, amateur DsFi


Innate Abilities, Weirdness & Mutations

You reflexively headbutt those who attack you in melee.
You have a pair of horns on your head.


Message History

You feel better.
The orc warrior hits you with a mace of protection!
* * * LOW HITPOINT WARNING * * *
You take 2 damage, and have 8/62 hp.
Unknown command.
You completely miss the orc warrior.
The orc warrior hits you with a mace of protection.
* * * LOW HITPOINT WARNING * * *
You take 4 damage, and have 4/62 hp.
Unknown command.
The phantom blinks!
The phantom blinks!
The phantom blinks!
The phantom blinks!
There is a stone staircase leading up here.
Unknown command.
You climb upwards.
Level annotation: daggaz's ghost, amateur DsFi Daggaz's ghost hits you!
You die...

.......#.......
..............[
######.#.......
.......#.......
###......######
+........#
##........##########
##..............W...#
....(...........@##.#
.........#........#
.........#....###.#.#
.........#......#.#.#
....))#..#....#.#.#.#
......#..#......#.#.#
......#..#......#.#.#
......#..#.....<#.#.#
......#...........#.#


You could see daggaz's ghost.

Vanquished Creatures
  Eustachio (D:5)
  A phantom (D:4)
  A bullfrog (D:6)
  4 hounds
  2 orc priests
  2 orc wizards
  Natasha (twice) (D:2)
  A worker ant (D:6)
  8 adders
  A shadow imp (D:6)
  3 worms (D:2)
  A leopard gecko (D:1)
  13 orcs
  3 giant cockroaches
  7 goblins
  6 hobgoblins
  8 jackals
  7 kobolds
  A ball python (D:3)
  7 bats
  2 frilled lizards (D:2)
  5 rats
86 creatures vanquished.

Notes
Turn   | Place    | Note
-------+----------+-------------------------------------------
     0 | D:1      | 8fpsbossfight the Minotaur Monk began the quest for the Orb.
     0 | D:1      | Reached XP level 1. HP: 19/19 MP: 0/0
   170 | D:1      | Reached XP level 2. HP: 25/27 MP: 1/1
   174 | D:1      | Reached skill level 4 in Axes
   312 | D:1      | Reached skill level 1 in Armour
   774 | D:2      | Reached XP level 3. HP: 16/33 MP: 2/2
   804 | D:2      | HP: 1/33 [poisoned by an adder]
  1658 | D:2      | Reached XP level 4. HP: 35/40 MP: 3/3
  1753 | D:2      | Noticed Natasha
  1758 | D:2      | Killed Natasha
  1762 | D:2      | Reached skill level 5 in Axes
  1901 | D:2      | Noticed Natasha
  1906 | D:2      | Killed Natasha
  1906 | D:2      | Reached XP level 5. HP: 47/47 MP: 4/4
  2377 | D:3      | Found an iron altar of Okawaru.
  2744 | D:4      | Noticed a phantom
  2762 | D:4      | Killed a phantom
  2940 | D:4      | Reached XP level 6. HP: 50/55 MP: 5/5
  2972 | D:4      | Noticed daggaz's ghost (amateur DsFi)
  3002 | D:5      | Entered Level 5 of the Dungeon
  3003 | D:5      | Reached skill level 5 in Fighting
  3003 | D:5      | Reached skill level 6 in Axes
  3139 | D:5      | Noticed Eustachio
  3365 | D:5      | Killed Eustachio
  3365 | D:5      | Reached XP level 7. HP: 53/61 MP: 6/6
  3624 | D:6      | Found a shattered altar of Ashenzari.
  3652 | D:6      | Reached skill level 5 in Dodging
  3659 | D:6      | Reached skill level 7 in Axes
  4172 | D:4      | Slain by daggaz's ghost

Vault maps used:
D:1:      minmay_arrival_stair_chambers
D:2:      uniq_natasha
D:3:      lemuel_upstairs_altar, overflow_temple_1_default, first_ration,
          st_stairs_9, minmay_misc_feat_hallway, corexii_shack
D:4:      cheibrodos_old_hovel
D:5:      basic_altar, dk_vineyard_2, uniq_eustachio
D:6:      ashenzari_altar_1

Skill      XL: |  1  2  3  4  5  6  7 |
---------------+----------------------+-----
Axes           | 4 5 6 7 |  7.4
Armour         | 1 2 3 4 |  4.3
Fighting       | 4 5 |  5.8
Dodging        | 4 5 |  5.0
Stealth        | |  1.5

Action                   |  1- 3 |  4- 6 |  7- 9 || total
-------------------------+-------+-------+-------++-------
Melee: Hand axe          |    81 |   104 |    41 ||   226
       Headbutt          |    21 |    13 |     8 ||    42
  Use: Potion            |       |       |     3 ||     3
 Stab: Sleeping          |     2 |       |       ||     2
  Eat: Chunk             |     2 |     3 |       ||     5
       Ration            |       |     1 |     1 ||     2
Armor: Robe              |    17 |       |       ||    17
       Ring mail         |     9 |    33 |     7 ||    49
       Chain mail        |       |       |    19 ||    19
Dodge: Dodged            |    49 |    71 |    32 ||   152

Table legend:
 A = Spawn XP
 B = Non-spawn XP
 C = Spawn XP percentage of total XP
 D = Spawn monster count
 E = Non-spawn monster count
 F = Spawn count percentage of total count
 G = Total turns spent on level
                    A         B        C        D         E        F      G
               +---------+---------+-------+---------+---------+-------+---------
         Total |       0 |    1097 |   0.0 |       0 |      86 |   0.0 |  4172
               +---------+---------+-------+---------+---------+-------+---------
           D:1 |       0 |      30 |   0.0 |       0 |      17 |   0.0 |   976
           D:2 |       0 |     184 |   0.0 |       0 |      30 |   0.0 |  1191
           D:3 |       0 |      27 |   0.0 |       0 |       8 |   0.0 |   528
           D:4 |       0 |     187 |   0.0 |       0 |       5 |   0.0 |   307
           D:5 |       0 |     347 |   0.0 |       0 |      11 |   0.0 |   335
           D:6 |       0 |     322 |   0.0 |       0 |      15 |   0.0 |   835
               +---------+---------+-------+---------+---------+-------+---------
